 Dungeon Crawl Stone Soup version 0.30-a0-728-gc68057be0a (webtiles) character file.

Game seed: 7584536462108545152

1695 Darkkill the Shooter (level 8, -1/73 HPs)
             Began as a Minotaur Hunter on Jan 30, 2023.
             Slain by an ogre
             ... wielding a +0 giant club
              (27 damage)
             ... on level 5 of the Dungeon.
             The game lasted 00:07:39 (5100 turns).

Darkkill the Shooter (Minotaur Hunter)              Turns: 5100, Time: 00:07:40

Health: -1/73      AC:  4    Str: 17    XL:     8   Next: 72%
Magic:  7/7        EV: 14    Int:  6    God:
Gold:   381        SH:  0    Dex: 15    Spells: 7/7 levels left

rFire   . . .      SeeInvis .    a - +1 shortbow
rCold   . . .      Faith    .    (shield currently unavailable)
rNeg    . . .      Spirit   .    c - +0 leather armour
rPois   .          Reflect  .    (helmet restricted)
rElec   .          Harm     .    (no cloak)
rCorr   .          Rampage  .    l - +0 pair of gloves
Will    .....                    (no boots)
Stlth   +++                      j - amulet of the acrobat
HPRegen 0.32/turn                d - +4 ring of slaying
MPRegen 0.10/turn                (no ring)

@: no status effects
A: horns 2, retaliatory headbutt
a: no special abilities


You were on level 5 of the Dungeon.
You visited 1 branch of the dungeon, and saw 6 of its levels.

You collected 381 gold pieces.

Inventory:

Hand Weapons
 a - a +1 shortbow (weapon)
 b - the +7 rapier of Wyecwi {protect, Str+3 Int+3}
   (You found it on level 4 of the Dungeon)

   Str:       It affects your strength (+3).
   Int:       It affects your intelligence (+3).
Missiles
 f - 6 atropa-tipped darts
 g - 14 poisoned darts
 h - 41 stones
 k - 6 javelins
 w - 4 boomerangs
Armour
 c - a +0 leather armour (worn)
 l - a +0 pair of gloves (worn)
Jewellery
 d - a +4 ring of slaying (left hand)
 j - an amulet of the acrobat (around neck)
Wands
 v - a wand of paralysis (12)
Scrolls
 o - 2 scrolls of teleportation
 q - a scroll of magic mapping
 s - 2 scrolls of immolation
Potions
 e - 3 potions of curing {@q1}
 i - a potion of lignification
 m - a potion of cancellation {unknown}
 n - 2 potions of brilliance
 p - 4 potions of attraction
 r - a potion of mutation
 t - a potion of haste


   Skills:
 + Level 7.1 Fighting
 + Level 7.5 Ranged Weapons
 + Level 6.4 Dodging
 + Level 5.0 Stealth


You had 7 spell levels left.
You didn't know any spells.
Your spell library contained the following spells:

 Spells                   Type           Power      Damage    Failure   Level
 Magic Dart               Conj           0%         1d3       52%         1
 Lesser Beckoning         Tloc           0%         N/A       67%         2
 Searing Ray              Conj           0%         2d4       67%         2
 Gell's Gravitas          Tloc           0%         N/A       88%         3
 Teleport Other           Tloc           0%         N/A       88%         3
 Fulminant Prism          Conj/Hex       0%         3d5       99%         4


Dungeon Overview and Level Annotations

Branches:
Dungeon (6/15)
 Temple: D:4-7

Altars:

Shops:
D:5 ?


Innate Abilities, Weirdness & Mutations

You have a pair of horns on your head.
You reflexively headbutt those who attack you in melee.


Message History

The hound misses you.
A hound is nearby!
You shoot an arrow. The arrow hits the hound!
The hound is heavily wounded.
The hound barely misses you. The hound bites you but does no damage.
An orc comes into view. It is wielding a +0 dagger.
There are monsters nearby!
You shoot an arrow. The arrow hits the hound.
The hound is severely wounded.
The hound closely misses you. You furiously retaliate!
You headbutt the hound!
You kill the hound!
Your Fighting skill increases to level 7!
You shoot an arrow. The arrow hits the orc!
You kill the orc!
Things that are here:
a +0 dagger; an orc corpse You see here a +0 club.
An orc comes into view. It is wielding a +0 trident.
The orc moves out of view.
No target in view!
An orc and an adder come into view.
The adder hisses angrily.
There are monsters nearby!
You shoot an arrow. The arrow misses the adder.
The orc shouts!
The orc hits you but does no damage. The adder barely misses you.
The orc barely misses you.
You shoot an arrow. The arrow hits the adder.
The adder is moderately wounded.
The adder bites you but does no damage. The adder barely misses you.
The orc hits you from afar with a +0 trident.
There are monsters nearby!
You shoot an arrow. The arrow hits the adder!
You kill the adder!
The orc hits you from afar with a +0 trident.
An orc is nearby!
An orc is nearby!
You shoot an arrow. The arrow hits the orc!
You kill the orc!
You see here a +0 trident.
Found a shortbow.
No target in view!
You now have 381 gold pieces (gained 9).
You see here a +0 shortbow.
Done exploring.
No target in view!
Done exploring.
No target in view!
Done exploring.
No target in view!
Done exploring.
No target in view!
Done exploring.
No target in view!
No target in view!
Done exploring.
No target in view!
Done exploring.
Things that are here:
a +0 whip; a +0 dagger
There is a stone staircase leading down here.
You climb downwards.
The bullfrog gives a loud, deep croak!
Found a scroll labelled VIAPHE NICIZ and a scroll of fear.
There is a stone staircase leading up here.
You shoot an arrow. The arrow hits the bullfrog!
The bullfrog is heavily wounded.
A sky beast comes into view.
You shoot an arrow. The arrow barely misses the bullfrog.
The bullfrog hits you.
You shoot an arrow. The arrow hits the bullfrog!
The bullfrog is severely wounded.
The bullfrog closely misses you.
A water moccasin comes into view.
The bullfrog hits you.
You shoot an arrow. The arrow hits the bullfrog!
You kill the bullfrog!
Your Stealth skill increases to level 5!
The ogre barely misses you.
The sky beast flickers out of sight!
Deactivating autopickup; reactivate with Ctrl-A.
You climb upwards.
Reactivating autopickup.
There is a stone staircase leading down here.
You shoot an arrow. The arrow hits the ogre!
The ogre is moderately wounded.
The ogre barely misses you.
You shoot an arrow. The arrow barely misses the ogre.
The ogre closely misses you.
You shoot an arrow. The arrow hits the ogre!
The ogre is severely wounded.
The ogre hits you with a +0 giant club!
You shoot an arrow. The arrow hits the ogre.
The ogre is severely wounded.
The ogre hits you with a +0 giant club!!
You shoot an arrow.
The arrow hits the ogre but does no damage.
The ogre is severely wounded.
You shoot an arrow. The arrow completely misses the ogre.
The ogre hits you with a +0 giant club!!
You die...

...###.####.#.#.# #.#####.....#
............#.#.####.......###.#
#.####.######.#.##...####### #.#
..# #.##.[...#.##.#.#########.#
######.##.#####.##.............#
.......##<#...#...)#.###########
###########.#....#.#...........#
####.....#.#.O#...........#)#
##.....#..#..>@#..########.#.#
##..###.#..######..# #.#.#
##..##...#.## #..# #.#.#
#..##...##.# #..# #.#.#
#.##....#..# #..# #.#.##
#.#....##.########..########.#...
..#...##..#.........#........###.
.)..###..##.#######.#.######## #.
.####...###.#.#.....#.# #.


You could see an ogre.

Vanquished Creatures
  Grinder (D:4)
  Edmund (D:4)
  A water moccasin (D:5)
  Duvessa (D:4)
  A black bear (D:4)
  Blork the orc (D:4)
  2 kobold brigands (D:5)
  A bullfrog (D:6)
  2 scorpions (D:5)
  A necrophage (D:4)
  Dowan (D:4)
  3 hounds
  2 orc priests (D:3)
  A jelly (D:5)
  Jessica (D:3)
  3 iguanas
  Natasha (D:3)
  Terence (D:3)
  An orc wizard (D:5)
  4 gnolls (D:4)
  Robin (D:2)
  10 adders
  An ufetubus (D:5)
  2 dart slugs
  14 orcs
  2 endoplasms (D:3)
  3 giant cockroaches
  13 goblins
  7 hobgoblins
  9 jackals
  4 quokkas
  6 ball pythons
  3 bats
  A frilled lizard (D:2)
  14 kobolds
  4 rats
124 creatures vanquished.

Notes
Turn   | Place    | Note
-------+----------+-------------------------------------------
     0 | D:1      | Darkkill the Minotaur Hunter began the quest for the Orb.
     0 | D:1      | Reached XP level 1. HP: 18/18 MP: 0/0
   234 | D:1      | Reached skill level 1 in Stealth
   250 | D:1      | Reached XP level 2. HP: 24/25 MP: 1/1
  1070 | D:2      | Reached XP level 3. HP: 31/31 MP: 2/2
  1206 | D:2      | Noticed Robin
  1214 | D:2      | Killed Robin
  1215 | D:2      | Reached XP level 4. HP: 16/38 MP: 3/3
  1697 | D:3      | Noticed Terence
  1702 | D:3      | Killed Terence
  1703 | D:3      | Reached skill level 5 in Ranged Weapons
  1845 | D:3      | Noticed Jessica
  1846 | D:3      | Reached XP level 5. HP: 46/46 MP: 4/4
  1846 | D:3      | Killed Jessica
  2228 | D:3      | Noticed Natasha
  2237 | D:3      | Killed Natasha
  2331 | D:4      | Reached XP level 6. HP: 53/53 MP: 5/5
  2378 | D:4      | Noticed Grinder
  2379 | D:4      | Paralysed by Grinder for 2 turns
  2406 | D:4      | Killed Grinder
  2660 | D:4      | Noticed Edmund
  2679 | D:4      | Killed Edmund
  2680 | D:4      | Reached skill level 5 in Fighting
  2680 | D:4      | Reached XP level 7. HP: 25/61 MP: 6/6
  3067 | D:4      | Noticed Blork the orc
  3076 | D:4      | Killed Blork the orc
  3077 | D:4      | Reached skill level 5 in Dodging
  3264 | D:4      | Noticed Duvessa
  3265 | D:4      | Noticed Dowan
  3274 | D:4      | Killed Duvessa
  3279 | D:4      | Killed Dowan
  3488 | D:4      | Reached XP level 8. HP: 70/70 MP: 7/7
  3494 | D:4      | Identified the +7 rapier of Wyecwi {protect, Str+3 Int+3}
  3875 | D:5      | Entered Level 5 of the Dungeon
  4604 | D:5      | Found Poeruis's Magic Scroll Shop.
  5092 | D:6      | Reached skill level 5 in Stealth
  5100 | D:5      | Slain by an ogre

Illustrated notes

Levels and vault maps discovered:
D:1:      tarquinn_simple_flora_water_e, layout_basic, minmay_pentomino_z2
D:2:      layout_basic, uniq_robin
D:3:      layout_basic, kennysheep_orc_chapel, uniq_terence, uniq_jessica,
          uniq_natasha
D:4:      layout_loops_corners, uniq_blork_the_orc, uniq_grinder, uniq_duvessa,
          uniq_edmund
D:5:      minmay_evil_eye, layout_basic, serial_shops, shop,
          minmay_misc_feat_chi
D:6:      layout_cave_pools, lemuel_tele_altar, minmay_temple_entry_tees,
          uniq_menkaure

Skill      XL: |  1  2  3  4  5  6  7  8 |
---------------+-------------------------+-----
Stealth        | 1 2 3 4 5 |  5.0
Fighting       | 3 4 5 6 7 |  7.1
Dodging        | 3 4 5 6 |  6.4
Ranged Weapons | 5 6 7 |  7.5

Action                     |  1- 3 |  4- 6 |  7- 9 || total
---------------------------+-------+-------+-------++-------
   Fire: Shortbow          |    67 |    88 |   174 ||   329
    Use: Scroll            |     4 |     6 |     2 ||    12
         Potion            |     3 |     2 |       ||     5
 Armour: Leather armour    |     3 |     6 |     9 ||    18
  Dodge: Dodged            |    15 |    20 |    51 ||    86

Table legend: (Time is in decaauts)
 A = Elapsed time spent in this place.
 B = Non-inter-level travel time spent in this place.
 C = Inter-level travel time spent in this place.
 D = Time resting spent in this place.
 E = Time spent auto-exploring this place.
 F = Levels seen in this place.
 G = Mean time per level.
                   A        B        C        D        E       F      G
               +--------+--------+--------+--------+--------+-----+--------+
         Total |   5154 |   4900 |    254 |      0 |   4271 |   6 |  859.0 |
       Dungeon |   5154 |   4900 |    254 |      0 |   4271 |   6 |  859.0 |
               +--------+--------+--------+--------+--------+-----+--------+

Top non-repeatable levels by time:
     D:4: 1571 daAuts
     D:5: 1235 daAuts
     D:2: 959 daAuts
     D:1: 720 daAuts
     D:3: 661 daAuts
     D:6: 6 daAuts

Table legend:
 A = Kills in this place as a percentage of kills in entire the game.
 B = Kills by you in this place as a percentage of kills by you in the entire game.
 C = Kills by friends in this place as a percentage of kills by friends in the entire game.
 D = Other kills in this place as a percentage of other kills in the entire game.
 E = Experience gained in this place as a percentage of experience gained in the entire game.
 F = Experience gained in this place divided by the number of levels of this place that you have seen.
                   A       B       C       D       E      F
               +-------+-------+-------+-------+-------+----------------------
         Total | 100.0 | 100.0 |   N/A |   N/A | 100.0 | 403.7
       Dungeon | 100.0 | 100.0 |   N/A |   N/A | 100.0 | 403.7
               +-------+-------+-------+-------+-------+----------------------
